 Dungeon Crawl Stone Soup version 0.31-a0-198-g2ad674f65e (webtiles) character file.

Game seed: 3581569683275040905

6 qw the Shooter (level 1, 0/12 HPs)
             Began as a Deep Elf Hunter on June 25, 2023.
             Succumbed to an adder's poison
             ... on level 2 of the Dungeon.
             The game lasted 00:00:08 (832 turns).

qw the Shooter (Deep Elf Hunter)                     Turns: 832, Time: 00:00:09

Health: 0/12       AC:  3    Str:  8    XL:     1   Next: 75%
Magic:  3/3        EV: 12    Int: 13    God:
Gold:   75         SH:  0    Dex: 18    Spells: 0/0 levels left

rFire   . . .        Y - +0 shortbow
rCold   . . .        (shield currently unavailable)
rNeg    . . .        c - +0 leather armour
rPois   .            (no helmet)
rElec   .            (no cloak)
rCorr   .            (no gloves)
SInv    .            (no boots)
Will    .....        (no amulet)
Stlth   ++           (no ring)
HPRegen 0.22/turn    (no ring)
MPRegen 0.08/turn

%: no passive effects
@: lethally poisoned (0 -> -3)
A: no striking features
a: no special abilities


You were on level 2 of the Dungeon.
You visited 1 branch of the dungeon, and saw 2 of its levels.

You collected 75 gold pieces.


   Skills:
 - Level 1.5 Fighting
 + Level 5.8 Ranged Weapons
 - Level 2.4 Dodging
 - Level 1.2 Stealth


You couldn't memorise any spells.
You didn't know any spells.
Your spell library was empty.

Inventory:

Hand Weapons
 Y - a +0 shortbow (weapon)
Armour
 c - a +0 leather armour (worn)
Scrolls
 a - a scroll of identify
Potions
 e - a potion of haste
 g - a potion of degeneration {unknown}

Dungeon Overview and Level Annotations

Branches:
Dungeon (2/15)

Altars:


Message History

It was a scroll of fear.
Partly explored, can't reach some places.
780 ||| READING 2 scrolls of identify.
As you read the scroll of identify, it crumbles to dust.
e - a potion of haste;
780 ||| IDENTIFYING grey potion Partly explored, can't reach some places.
781 ||| DROPPING scroll of butterflies.
You drop a scroll of butterflies.
Partly explored, can't reach some places.
(D) Dungeon
Where to? (* - list waypoints, ? - help)
What level of the Dungeon? (default 1, ? - help)
You enter the shallow water.
Moving in this stuff is going to be slow.
There is a stone staircase leading down here.
You climb downwards.
There is a stone staircase leading up here.
Waypoint 1 assigned to D:2.
Found a robe.
An adder comes into view.
The adder hisses angrily.
The adder moves out of view.
The adder bites you but does no damage.
You shoot an arrow.
The arrow hits the adder but does no damage.
The adder closely misses you.
You shoot an arrow. The arrow misses the adder.
The adder bites you.
You shoot an arrow. The arrow closely misses the adder.
The adder bites you.
You are poisoned.
The adder poisons you! The adder closely misses you.
You shoot an arrow. The arrow barely misses the adder.
You feel sick. The adder bites you.
You shoot an arrow. The arrow closely misses the adder.
You feel sick. The adder misses you. The adder bites you but does no damage.
You shoot an arrow. The arrow closely misses the adder.
You feel sick. The adder closely misses you.
You shoot an arrow.
The arrow hits the adder but does no damage.
You die...

#.# ... #.# #
#.#.# #.#. ##
#.. ##.[
#S###..
#@.#.######...
#.#...<.......
...#..######...
#####.........
#..######. #..#
.... .##.# ^
#.#


You could see an adder.

Vanquished Creatures
  An endoplasm (D:1)
  A bat (D:1)
  A frilled lizard (D:1)
  2 kobolds (D:1)
  2 rats (D:1)
7 creatures vanquished.

Notes
Turn   | Place    | Note
-------+----------+-------------------------------------------
     0 | D:1      | qw the Deep Elf Hunter began the quest for the Orb.
     0 | D:1      | Reached XP level 1. HP: 12/12 MP: 3/3
     0 | D:1      | 0 ||| qw: Version: 0.3-a-22-g0ed2b0b
     0 | D:1      | 0 ||| qw: Game counter: 5421
     0 | D:1      | 0 ||| qw: Melee chars always use a shield: true
     0 | D:1      | 0 ||| qw: God list: Okawaru
     0 | D:1      | 0 ||| qw: Allow faded altars: false
     0 | D:1      | 0 ||| qw: Do Orc after clearing Dungeon:15 true
     0 | D:1      | 0 ||| qw: Do second Lair branch before Depths: true
     0 | D:1      | 0 ||| qw: Lair rune preference: random
     0 | D:1      | 0 ||| qw: Goals: Normal
     0 | D:1      | 0 ||| PLANNING D:1-11
   778 | D:1      | 778 ||| READING 3 scrolls labelled LIMEMM CUUHI.
   779 | D:1      | 779 ||| READING scroll labelled JIVE UZITZODYSK.
   780 | D:1      | 780 ||| READING 2 scrolls of identify.
   780 | D:1      | 780 ||| IDENTIFYING grey potion
   781 | D:1      | 781 ||| DROPPING scroll of butterflies.
   829 | D:2      | HP: 3/12 [adder (4)]
   832 | D:2      | Succumbed to an adder's poison

Levels and vault maps discovered:
D:1:      kilobyte_arrival_exit_the_forest, layout_loops_corners
D:2:      minmay_diamond_boxcup, layout_loops_ring, nicolae_grassy_gnolls

Action                     || total
---------------------------++-------
   Fire: Shortbow          ||    23
    Use: Scroll            ||     3
 Armour: Leather armour    ||     3
  Dodge: Dodged            ||     5

Table legend:
 A = Non-vault XP
 B = Vault XP
 C = Vault XP percentage of total XP
 D = Non-vault monster count
 E = Vault monster count
 F = Vault count percentage of total count
                 A         B        C        D         E       F
            +---------+---------+-------+---------+---------+-------
      Total |       9 |       0 |   0.0 |       7 |       0 |   0.0
            +---------+---------+-------+---------+---------+-------
        D:1 |       9 |       0 |   0.0 |       7 |       0 |   0.0
            +---------+---------+-------+---------+---------+-------
